 Dungeon Crawl Stone Soup version 0.24-a0-549-g45f0056d81 (webtiles) character file.

Game seed: 11055872011960716959

129 GameOver the Conjurer (level 5, -3/42 HPs)
             Began as a Naga Wizard on Aug 20, 2019.
             Slain by an orc
             ... wielding a +0 short sword
              (6 damage)
             ... on level 3 of the Dungeon.
             The game lasted 00:10:49 (2146 turns).

GameOver the Conjurer (Naga Wizard)                 Turns: 2146, Time: 00:10:50

Health: -3/42      AC:  2    Str: 14    XL:     5   Next: 12%
Magic:  2/9        EV: 15    Int: 24    God:
Gold:   68         SH:  0    Dex: 15    Spells: 4/10 levels left

rFire    . . .     SeeInvis +   u - +0 trident
rCold    . . .     Gourm    .   (no shield)
rNeg     . . .     Faith    .   a - +0 robe
rPois    +         Spirit   .   b - +0 hat
rElec    .         Reflect  .   (no cloak)
rCorr    .         Harm     .   (no gloves)
MR       .....                  (no barding)
Stlth    +++.......             (no amulet)
HPRegen  0.14/turn              (no ring)
MPRegen  0.11/turn              (no ring)

@: mighty, brilliant, agile, very slow
A: large, see invisible, deformed body, poison resistance, slowness 2, slow
metabolism 1, spit poison 1, AC +1
a: Spit Poison


You were on level 3 of the Dungeon.
You were not hungry.

You visited 1 branch of the dungeon, and saw 3 of its levels.

You collected 68 gold pieces.

Inventory:

Hand Weapons
 u - a +0 trident (weapon)
Armour
 a - a +0 robe (worn)
 b - a +0 hat (worn)
Jewellery
 p - an uncursed ring of fire
Wands
 s - a wand of polymorph (9)
Scrolls
 g - a scroll of remove curse
 j - a scroll of enchant armour
 m - a scroll of enchant weapon {unknown}
 n - 3 scrolls of amnesia
 o - a scroll of teleportation {unknown}
Potions
 c - 2 potions of curing
 f - a potion of resistance {unknown}
 k - a potion of brilliance
 l - a potion of might
 q - a potion of agility
 r - a potion of flight {unknown}
Comestibles
 d - 4 rations
 t - 4 chunks of flesh


   Skills:
 - Level 1.5 Dodging
 - Level 3.0 Stealth
 - Level 3.0 Spellcasting
 + Level 4.8 Conjurations
   Level 1.0 Summonings
 - Level 1.0 Translocations


You had 4 spell levels left.
You knew the following spells:

 Your Spells              Type           Power        Failure   Level  Hunger
a - Magic Dart            Conj           ####         1%          1    None
b - Blink                 Tloc           N/A          1%          2    ##.....
d - Mephitic Cloud        Conj/Pois/Air  ####....     2%          3    ###....

Your spell library contained the following spells:

 Spells                   Type           Power        Failure   Level  Hunger
 Call Imp                 Summ           ###.....     1%          2    ##.....
 Slow                     Hex            ###.....     1%          2    ##.....
 Conjure Flame            Conj/Fire      ####....     1%          3    ###....


Dungeon Overview and Level Annotations

Branches:
Dungeon (3/15)

Altars:
Qazlal
Wu Jian
Yredelemnul


Innate Abilities, Weirdness & Mutations

You cannot wear boots.
Your serpentine skin is tough. (AC +1)
You have supernaturally acute eyesight. (SInv)
Armour fits poorly on your strangely shaped body.
Your system is resistant to poisons. (rPois)
You cover ground very slowly.
You have a slow metabolism.
You can spit poison.


Message History

The stone closely misses you.
Casting: Magic Dart (safe; 1% risk of failure)
Confirm with . or Enter, or press ? or * to list all spells.
Aiming: Magic Dart (safe; 1% risk of failure)
Press: ? - help, Shift-Dir - straight line, f - kobold
Aim: a kobold
Okay, then.
Attack whom?
Press: ? - help, Dir - move target cursor, f - kobold
Aim: a kobold You reach to attack!
You miss the kobold.
The kobold throws a stone.
The stone misses you.
The kobold throws a stone.
The stone closely misses you.
Attack whom?
Press: ? - help, Dir - move target cursor, f/p - kobold
Aim: a kobold You reach to attack!
You hit the kobold.
You kill the kobold!
You have got your breath back.
The orc hits you with a +0 short sword.
You die...

#.# #### .
#.###..#
..####.....#
........(..#
.........#).##
.........#...##
.....##.†.....##
###....)...o.o###
###......!.@..#
...#.........#
#..###.#......(#
...# #.#.......#
##...#
#.#.......#
#.....
#.#.......# .)♣..
#.######### ♣g♣.
#.## ♣g. #..#


You could see 2 orcs.

Vanquished Creatures
  An orc wizard (D:3)
  Robin (D:3)
  An adder (D:2)
  An ooze (D:1)
  A dart slug (D:1)
  2 leopard geckos
  10 orcs (D:3)
  5 bats
  3 giant cockroaches
  8 goblins
  11 hobgoblins
  2 jackals (D:1)
  A quokka (D:3)
  7 frilled lizards
  6 kobolds
  4 rats
64 creatures vanquished.

Notes
Turn   | Place    | Note
-------+----------+-------------------------------------------
     0 | D:1      | GameOver the Naga Wizard began the quest for the Orb.
     0 | D:1      | Reached XP level 1. HP: 15/15 MP: 4/4
   400 | D:1      | Reached skill level 2 in Conjurations
   400 | D:1      | Reached XP level 2. HP: 22/22 MP: 6/6
   856 | D:1      | Reached XP level 3. HP: 28/28 MP: 7/7
   866 | D:1      | Learned a level 2 spell: Blink
   870 | D:1      | Learned a level 3 spell: Mephitic Cloud
   988 | D:2      | Reached skill level 3 in Conjurations
   999 | D:2      | Found a basalt altar of Yredelemnul.
  1029 | D:2      | Found an ornate altar of the Wu Jian Council.
  1879 | D:2      | Found a stormy altar of Qazlal.
  1966 | D:3      | Reached XP level 4. HP: 36/36 MP: 4/8
  1977 | D:3      | Found a faded altar of an unknown god.
  2009 | D:3      | Reached skill level 4 in Conjurations
  2046 | D:3      | Noticed Robin
  2133 | D:3      | Killed Robin
  2133 | D:3      | Reached XP level 5. HP: 5/42 MP: 0/9
  2139 | D:3      | HP: 2/42 [orc/+0 war axe (4)]
  2146 | D:3      | Slain by an orc

Levels and vault maps discovered:
D:1:      erik_arrival_cave_to_civilisation [erik_arrival_cave_to_hall],
          layout_basic, kennysheep_doodads
D:2:      layout_basic, lemuel_round_altar, lemuel_round_altar,
          hangedman_decor_slide_cut, minmay_misc_feat_five,
          nicolae_qazlal_eye_of_the_storm
D:3:      layout_rooms, chequers_ecumenical_altar_simple, first_ration,
          wander_ebering_terrifying_dragon_lair, uniq_robin

Skill      XL: |  1  2  3  4 |
---------------+-------------+-----
Conjurations   | 2 3 4 |  4.8
Dodging        | |  1.5
Stealth        | |  3.0
Spellcasting   | |  3.0
Summonings     | |  1.0
Translocations | |  1.0

Action                   |  1- 3 |  4- 6 || total
-------------------------+-------+-------++-------
Melee: Trident           |       |     9 ||     9
 Cast: Magic Dart        |    37 |    20 ||    57
       Mephitic Cloud    |       |     1 ||     1
       Blink             |       |     1 ||     1
 Abil: Spit Poison       |    32 |    22 ||    54
  Use: Scroll            |       |     4 ||     4
       Potion            |       |     4 ||     4
  Eat: Chunk             |     3 |     3 ||     6
Armor: Robe              |     1 |     4 ||     5
Dodge: Dodged            |     7 |    30 ||    37

Table legend:
 A = Non-vault XP
 B = Vault XP
 C = Vault XP percentage of total XP
 D = Non-vault monster count
 E = Vault monster count
 F = Vault count percentage of total count
                 A         B        C        D         E       F
            +---------+---------+-------+---------+---------+-------
      Total |     146 |      39 |  21.1 |      50 |      14 |  21.9
            +---------+---------+-------+---------+---------+-------
        D:1 |      35 |       3 |   7.9 |      18 |       2 |  10.0
        D:2 |      36 |       0 |   0.0 |      15 |       0 |   0.0
        D:3 |      75 |      36 |  32.4 |      17 |      12 |  41.4
            +---------+---------+-------+---------+---------+-------
